 Dungeon Sprint DCSS version 0.27.0-1-g7a089689b8 (webtiles) character file.

Game seed: 8184844318464631804

11153 Groucho the Unseen (level 11, -12/43 (47) HPs)
             Began as a Spriggan Enchanter on Aug 2, 2021.
             Was the Champion of Dithmenos.
             Killed from afar by a shadow dragon (44 damage)
             ... with a bolt of negative energy
             ... in the Dungeon (Sprint I: "Red Sonja").
             The game lasted 00:15:21 (2552 turns).

Groucho the Unseen (Spriggan Enchanter)             Turns: 2552, Time: 00:15:22

HP:   -12/43 (47)   AC:  3    Str:  7    XL:     11   Next: 45%
MP:   27/33         EV: 25    Int: 17    God:    Dithmenos [******]
Gold: 1202          SH:  0    Dex: 16    Spells: 32/44 levels left

rFire    + . .     SeeInvis +   a - +1 dagger
rCold    . . .     Faith    .   (shield restricted)
rNeg     . . .     Spirit   .   b - +1 robe
rPois    .         Reflect  .   (helmet restricted)
rElec    .         Harm     .   (no cloak)
rCorr    .         Rampage  .   (gloves unavailable)
Will     +....     NoTele   +   (boots unavailable) Stlth ****++++++
                                (no amulet)
HPRegen  0.14/turn              o - ring of protection from fire
MPRegen  0.23/turn              m - ring of flight

@: confusing by touch, flying, wreathed by umbra, drained, very quick
A: very small, no large weapons, unfitting armour, see invisible, speed 3
a: Renounce Religion, Shadow Step, Shadow Form


You were in the Dungeon.
You worshipped Dithmenos.
Dithmenos was exalted by your worship.
You visited 1 branch You collected 1972 gold pieces.
You spent 770 gold pieces at shops.

Inventory:

Hand Weapons
 a - a +1 dagger (weapon)
 g - a +0 shortbow
Missiles
 c - 25 stones (quivered)
 h - 55 arrows
 r - 4 curare-tipped darts
 t - 3 atropa-tipped darts
Armour
 b - a +1 robe (worn)
Jewellery
 m - a ring of flight (right hand)
 n - a ring of poison resistance
 o - a ring of protection from fire (left hand)
 s - a ring of protection from fire
Wands
 p - a wand of flame (14)
Scrolls
 j - a scroll of magic mapping {unknown}
 k - a scroll of amnesia {unknown}
 l - a scroll of fog {unknown}
Potions
 e - a potion of haste
 f - 2 potions of magic
 i - a potion of flight {unknown}
 q - a potion of brilliance {unknown}


   Skills:
 - Level 10.0 Short Blades
 + Level 12.1 Dodging
 - Level 20.0 Stealth
 + Level 17.1 Spellcasting
 - Level 5.0 Conjurations
 + Level 14.4 Hexes
 - Level 7.0 Ice Magic


You had 32 spell levels left.
You knew the following spells:

 Your Spells              Type           Power      Damage    Failure   Level
a - Corona                Hex            65%        N/A       0%          1
b - Ensorcelled Hibernat  Hex/Ice        100%       N/A       1%          2
c - Confusing Touch       Hex            59%        N/A       1%          3
d - Tukima's Dance        Hex            59%        N/A       1%          3
e - Dazzling Flash        Conj/Hex       94%        N/A       1%          3

Your spell library contained the following spells:

 Spells                   Type           Power      Damage    Failure   Level
 Blink                    Tloc           N/A        N/A       6%          2
 Manifold Assault         Tloc           14%        N/A       75%         5
 Storm Form               Tmut/Air       7%         N/A       100%        7


Dungeon Overview and Level Annotations

Branches:
Dungeon (1/1)

Altars:
Cheibriados
Dithmenos
Elyvilon
Fedhas
Gozag
Hepliaklqana
Kikubaaqudgha
Makhleb
Nemelex Xobeh
Okawaru
Qazlal
Ru
Sif Muna
Trog
Uskayaw
Vehumet
Wu Jian
Xom
Yredelemnul
Zin
The Shining One
Jiyva
Lugonu

Shops:
D ?(([[=*(!=*(?!([[


Innate Abilities, Weirdness & Mutations

You are very small and have problems with some larger weapons.
You are too small for most types of armour.
You have supernaturally acute eyesight. (SInv)
You cover ground extremely quickly. (Speed+++)


Message History

Okay, then.
You reach down and open the door.
A shadow dragon comes into view.
The shadow dragon moves out of view.
Unknown command.
Unknown command.
A golden dragon comes into view.
The golden dragon moves out of view.
Found 54 gold pieces.
There is an open door here.
Found a long runed staff and 378 gold pieces.
Aiming: Shadow Step
Press: ? - help, Dir - move target, f - golden dragon
Aim: a golden dragon (asleep, umbra)
You step into the golden dragon's shadow.
The golden dragon roars deafeningly!
The golden dragon bites you but does no damage.
The golden dragon claws you!
You emit a cloud of dark smoke.
The golden dragon tramples you!
You are shoved backwards!
Found seven items.
Okay, then.
You feel much better. The golden dragon misses you.
The golden dragon closely misses you. The golden dragon barely misses you.
Casting: Ensorcelled Hibernation (safe; 1% risk of failure)
Confirm with . or Enter, or press ? or * to list all spells.
You can't see any susceptible monsters within range! (Use Z to cast anyway.)
Casting: Ensorcelled Hibernation (safe; 1% risk of failure)
Confirm with . or Enter, or press ? or * to list all spells.
Your hands begin to glow red.
The golden dragon breathes cold at you. The bolt of cold misses you.
You hit the golden dragon but do no damage.
You hit the golden dragon but do no damage.
Your shadow hits the golden dragon but does no damage.
The golden dragon completely misses you. x2
The golden dragon tramples you!
You are shoved backwards!
The shadow dragon breathes negative energy at you.
The bolt of negative energy hits you!!!
You feel drained.
Ouch! That really hurt!
You die...

##§#§ ##
#§§^§§ .##
#§§..§. ..#
#§§.§.^§ ..##
#......). ...#
#.....|§§§§..#
##.^...§§§§.#
#$$$$$§DD§§#
##$$$$§§§@##
##$((§§§##
########


You could see a shadow dragon (catching breath) and a golden dragon (catching
breath).

Vanquished Creatures
  A lorocyproca (D)
  A hydra (D)
  2 centaur warriors (D)
  Sonja (D)
  A deep troll (D)
  A lindwurm (D)
  An oklob plant (D)
  A gargoyle (D)
  2 unseen horrors (D)
  2 kobold demonologists (D)
  4 demonic crawlers (D)
  A hornet (D)
  A slime creature (D)
  Sigmund (D)
  2 redbacks (D)
  A yak (D)
  13 hogs (D)
  3 floating eyes (D)
  7 necrophages (D)
  An ogre (D)
  8 jellies (D)
  Ijyb (D)
56 creatures vanquished.

Vanquished Creatures (others)
  A gargoyle (D)
1 creature vanquished.

Grand Total: 57 creatures vanquished

Notes
Turn   | Place    | Note
-------+----------+-------------------------------------------
     0 | D        | Groucho the Spriggan Enchanter began the quest for the Orb.
     0 | D        | Reached XP level 1. HP: 9/9 MP: 5/5
     1 | D        | Noticed Ijyb
    13 | D        | Killed Ijyb
    14 | D        | Reached skill level 7 in Stealth
    14 | D        | Reached skill level 5 in Hexes
    14 | D        | Reached XP level 2. HP: 13/13 MP: 6/8
   372 | D        | Noticed an ogre
   374 | D        | Killed an ogre
   375 | D        | Reached skill level 10 in Stealth
   375 | D        | Reached XP level 3. HP: 16/16 MP: 8/11
   375 | D        | Reached XP level 4. HP: 21/21 MP: 9/13
   388 | D        | Noticed Sigmund
   390 | D        | Killed Sigmund
   391 | D        | Reached skill level 13 in Stealth
   391 | D        | Reached XP level 5. HP: 24/24 MP: 10/16
   391 | D        | Reached XP level 6. HP: 28/28 MP: 11/18
   394 | D        | Learned a level 2 spell: Ensorcelled Hibernation
   398 | D        | Learned a level 3 spell: Confusing Touch
   402 | D        | Learned a level 3 spell: Tukima's Dance
   406 | D        | Learned a level 3 spell: Dazzling Flash
   417 | D        | Found a shimmering blue altar of Sif Muna.
   418 | D        | Found an ornate altar of the Wu Jian Council.
   419 | D        | Found a radiant altar of Vehumet.
   424 | D        | Reached skill level 14 in Stealth
   425 | D        | Found Gakuqi's Weapon Emporium.
   425 | D        | Found an ancient bone altar of Kikubaaqudgha.
   425 | D        | Found a hazy altar of Hepliaklqana.
   425 | D        | Found a stormy altar of Qazlal.
   425 | D        | Found a hide-covered altar of Uskayaw.
   425 | D        | Found a blossoming altar of Fedhas.
   425 | D        | Found a bloodstained altar of Trog.
   425 | D        | Found an iron altar of Okawaru.
   425 | D        | Found a basalt altar of Yredelemnul.
   425 | D        | Found a glowing golden altar of the Shining One.
   425 | D        | Found a snail-covered altar of Cheibriados.
   425 | D        | Found a sacrificial altar of Ru.
   425 | D        | Found a glowing silver altar of Zin.
   425 | D        | Found a shadowy altar of Dithmenos.
   425 | D        | Found a white marble altar of Elyvilon.
   425 | D        | Noticed a yak
   426 | D        | Found an opulent altar of Gozag.
   427 | D        | Killed a yak
   428 | D        | Reached skill level 15 in Stealth
   428 | D        | Found a sparkling altar of Nemelex Xobeh.
   436 | D        | Became a worshipper of Dithmenos the Shadowed
   485 | D        | Found a burning altar of Makhleb.
   485 | D        | Found a shimmering altar of Xom.
   485 | D        | Noticed a slime creature
   486 | D        | Found a viscous altar of Jiyva.
   486 | D        | Found a corrupted altar of Lugonu.
   488 | D        | Killed a slime creature
   489 | D        | Reached skill level 16 in Stealth
   489 | D        | Reached skill level 10 in Hexes
   489 | D        | Reached XP level 7. HP: 32/32 MP: 21/21
   510 | D        | Noticed a centaur warrior
   510 | D        | Noticed a centaur warrior
   511 | D        | Killed a centaur warrior
   512 | D        | Reached skill level 18 in Stealth
   512 | D        | Reached XP level 8. HP: 36/36 MP: 22/24
   512 | D        | Killed a centaur warrior
   512 | D        | Reached * piety under Dithmenos
   513 | D        | Reached skill level 20 in Stealth
   528 | D        | Noticed a hornet
   531 | D        | Killed a hornet
   532 | D        | Reached XP level 9. HP: 39/39 MP: 24/26
   579 | D        | Noticed an oklob plant
   581 | D        | Killed an oklob plant
   590 | D        | Reached ** piety under Dithmenos
  1310 | D        | Noticed an unseen horror
  1310 | D        | Noticed an unseen horror
  1316 | D        | Killed an unseen horror
  1316 | D        | Reached *** piety under Dithmenos
  1317 | D        | Reached skill level 1 in Conjurations
  1317 | D        | Reached skill level 1 in Ice Magic
  1321 | D        | Killed an unseen horror
  1495 | D        | Reached **** piety under Dithmenos
  1499 | D        | Reached skill level 5 in Dodging
  1520 | D        | Reached ***** piety under Dithmenos
  1649 | D        | Reached XP level 10. HP: 44/44 MP: 29/29
  1701 | D        | Found Cekhalai's Armour Shoppe.
  1701 | D        | Found Liacle's Weapon Shop.
  1701 | D        | Found Wopnosyl's Armour Boutique.
  1703 | D        | Found Esueroqa's Jewellery Emporium.
  1703 | D        | Found Usmib's Assorted Antiques.
  1703 | D        | Found Noraax's Antique Weapon Shoppe.
  1703 | D        | Found Nanuiq's Distillery.
  1703 | D        | Found Zysi Zabb's Jewellery Emporium.
  1703 | D        | Found Bonnuxo's General Store.
  1703 | D        | Found Nyin's Antique Weapon Shoppe.
  1707 | D        | Found Qioheinu's Magic Scroll Boutique.
  1708 | D        | Found Uguefrih's Weapon Emporium.
  1708 | D        | Found Feawk's Distillery.
  1709 | D        | Found Feufuq's Antique Armour Emporium.
  1712 | D        | Bought a ring of flight for 210 gold pieces
  1734 | D        | Bought a ring of poison resistance for 260 gold pieces
  1738 | D        | Bought a ring of protection from fire for 300 gold pieces
  1782 | D        | Noticed a deep troll
  1784 | D        | Killed a deep troll
  1785 | D        | Reached skill level 5 in Short Blades
  1785 | D        | Reached skill level 15 in Spellcasting
  1795 | D        | Found Yggaczil's Armour Emporium.
  1810 | D        | Noticed Sonja
  1813 | D        | Killed Sonja
  1831 | D        | Found Queguk's Magic Scroll Boutique.
  1872 | D        | Reached ****** piety under Dithmenos
  1875 | D        | Noticed a rust devil
  2015 | D        | Reached skill level 5 in Ice Magic
  2032 | D        | Noticed a gargoyle
  2041 | D        | Killed a gargoyle
  2042 | D        | Reached skill level 5 in Conjurations
  2058 | D        | Noticed a lorocyproca
  2063 | D        | Killed a lorocyproca
  2064 | D        | Reached skill level 10 in Dodging
  2064 | D        | Reached XP level 11. HP: 41/47 MP: 30/32
  2101 | D        | Noticed a lindwurm
  2103 | D        | Killed a lindwurm
  2437 | D        | Noticed a 12-headed hydra
  2439 | D        | Killed a 12-headed hydra
  2440 | D        | Reached skill level 10 in Short Blades
  2545 | D        | Noticed a shadow dragon
  2546 | D        | Noticed a golden dragon
  2552 | D        | Killed from afar by a shadow dragon

Illustrated notes

Levels and vault maps discovered:
D:        dungeon_sprint_1 [red_sonja_temple_1, red_sonja_temple_small_1]

Skill      XL: |  1  2  3  4  5  6  7  8  9 10 11 |
---------------+----------------------------------+-----
Stealth        | 7 10 13 16 18 20 | 20.0
Spellcasting   | 4 6 8 9 11 12 14 16 17 | 17.1
Hexes          | 5 6 8 10 11 12 14 | 14.4
Dodging        | 5 10 12 | 12.1
Short Blades   | 4 8 10 | 10.0
Conjurations   | 2 5 |  5.0
Ice Magic      | 2 6 7 |  7.0

Action                   |  1- 3 |  4- 6 |  7- 9 | 10-12 || total
-------------------------+-------+-------+-------+-------++-------
Melee: Dagger            |    10 |     4 |    27 |    52 ||    93
 Cast: Ensorcelled Hiber |       |       |    10 |    15 ||    25
       Confusing Touch   |       |       |     2 |     5 ||     7
Invok: Shadow Step       |       |       |       |     1 ||     1
  Use: Potion            |     1 |       |     1 |     1 ||     3
       Scroll            |       |       |     2 |       ||     2
 Stab: Sleeping          |     1 |     4 |    17 |    25 ||    47
       Confused          |       |       |     2 |     4 ||     6
       Distracted        |       |       |       |     2 ||     2
Armor: Robe              |       |       |     3 |     2 ||     5
Dodge: Dodged            |     3 |       |     8 |    28 ||    39
